Map: Deathaura LE

Players

Massa - Winner!

  • Race: Terran Terran
  • League: Platinum
  • Spawn Location: 5:00

Hubabuba

  • Race: Terran Terran
  • League: Platinum
  • Spawn Location: 11:00

VOD

Have the link to the VOD?

Description

Time

  • Played on: Dec. 29, 2020, 11:48 a.m.
  • Length: 13:03
Show
View Real Time Build Order
Export as new Build Order

Massa Terran - Winner!

Build Orders:  

Get SALT Encoding   

  12  0:00  SCV  
  13  0:12  SCV  
  14  0:18  Supply Depot  
  14  0:24  SCV  
  15  0:40  SCV  
  15  0:41  Barracks  
  16  0:52  SCV  
  16  0:53  Refinery  
  17  1:04  SCV  
  18  1:16  SCV  
  19  1:28  SCV  
  20  1:39  Reaper  
  21  1:42  Orbital Command  
  21  1:50  Command Center  
  21  2:00  Supply Depot  
  21  2:10  SCV  
  21  2:11  Marine  
  23  2:16  Factory  
  23  2:22  SCV  
  24  2:43  SCV  
  25  2:48  Engineering Bay  
  25  2:50  Barracks  
  25  2:55  SCV  
  26  3:09  Factory Tech Lab, Barracks Tech Lab  
  26  3:14  Orbital Command  
  26  3:15  Barracks  
  26  3:16  SCV  
  27  3:23  Starport  
  26  3:28  SCV  
  26  3:30  Missile Turret  
  27  3:35  Missile Turret  
  27  3:36  Marauder  
  27  3:41  Widow Mine  
  31  3:46  Marine  
  31  3:47  Refinery  
  32  3:58  SCV x2, Marauder  
  32  3:59  Refinery  
  36  4:06  Widow Mine  
  38  4:10  SCV x2, Marine  
  41  4:19  Marauder  
  41  4:22  SCV x2  
  45  4:26  Stimpack  
  45  4:28  Marine  
  45  4:41  Marine  
  45  4:44  Starport Reactor  
  46  4:48  Starport  
  46  4:56  Missile Turret  
  46  4:57  Terran Infantry Weapons Level 1  
  46  5:04  Supply Depot  
  46  5:05  Supply Depot  
  46  5:06  Supply Depot  
  46  5:10  Supply Depot  
  46  5:20  Barracks Tech Lab  
  46  5:25  SCV x2, Marine x2, Cyclone  
  46  5:26  Viking  
  46  5:28  Starport Tech Lab  
  55  5:33  Refinery  
  55  5:37  SCV  
  55  5:40  Viking  
  58  5:43  Marine x2  
  59  6:00  Marine  
  58  6:18  Viking x2  
  64  6:20  Raven  
  64  6:22  SCV  
  64  6:23  SCV  
  66  6:28  Command Center  
  62  6:34  SCV  
  62  6:35  SCV  
  62  7:02  SCV x2  
  62  7:03  Marauder x2  
  68  7:09  Raven  
  68  7:14  SCV  
  71  7:19  Terran Infantry Armor Level 1  
  71  7:24  Marauder  
  70  7:47  Corvid Reactor  
  70  7:54  SCV  
  70  7:55  SCV  
  70  7:56  Planetary Fortress  
  72  8:01  Marauder, Marine, Missile Turret  
  72  8:02  Marauder  
  77  8:06  SCV  
  77  8:07  SCV  
  79  8:16  Medivac x2  
  79  8:19  SCV, Raven, Marine  
  87  8:22  Marine  
  87  8:23  Marauder, Missile Turret  
  87  8:26  SCV  
  91  8:31  SCV  
  92  8:38  SCV  
  92  8:40  Sensor Tower  
  93  8:43  Sensor Tower  
  93  8:44  SCV  
  81  9:31  Marauder x2, Marine  
  85  9:32  SCV x2  
  85  9:33  SCV  
  85  9:35  Barracks  
  89  9:44  SCV  
  89  9:45  SCV  
  91  9:52  Marauder x2  
  91  10:13  Marauder  
  93  10:14  Marauder  
  93  10:21  Siege Tank  
  82  10:49  Marauder x2, Marine  
  87  10:50  Viking x3  
  93  11:02  Siege Tank  
  92  11:07  Marine  
  92  11:10  Marauder  
  92  11:11  Marauder  
  89  11:20  Viking  
  89  11:22  Raven  
  89  11:24  Medivac  
  89  11:25  Marine  
  92  11:28  Barracks Tech Lab  
  92  11:35  Supply Depot  
  92  11:36  Supply Depot  
  92  11:38  Supply Depot  
  92  11:43  Marine  
  93  11:49  Refinery  
  93  11:50  Refinery  
  93  11:51  Command Center  
  93  11:57  Marauder x2, Medivac  
  93  12:00  Marine, Supply Depot  
  100  12:01  Marauder, Supply Depot  
  100  12:03  Supply Depot  
  100  12:05  Raven, Command Center  
  104  12:18  Marine x2  
  104  12:19  Marauder  
  107  12:23  Marauder, Supply Depot  
  109  12:36  Marine  
  109  12:37  Marauder  
Show
View Real Time Build Order
Export as new Build Order

Hubabuba Terran 

Build Orders:  

Get SALT Encoding   

  12  0:00  SCV  
  13  0:13  Supply Depot  
  13  0:18  SCV  
  14  0:30  SCV  
  15  0:38  Barracks  
  15  0:42  SCV  
  16  0:46  Refinery  
  16  0:53  Refinery  
  16  0:54  SCV  
  17  1:06  SCV  
  18  1:19  SCV  
  19  1:26  Marine  
  19  1:31  Orbital Command  
  20  1:47  Marine  
  20  1:54  Command Center  
  21  2:01  Factory  
  21  2:04  SCV  
  22  2:15  Supply Depot  
  22  2:24  Barracks Tech Lab  
  22  2:26  SCV  
  23  2:37  Supply Depot  
  23  2:38  SCV  
  23  2:46  Factory Tech Lab  
  23  2:48  Marauder  
  25  2:54  Starport  
  25  2:59  SCV  
  26  3:16  Refinery  
  26  3:17  Refinery  
  26  3:21  Siege Tank  
  29  3:28  SCV  
  29  3:32  Starport Tech Lab  
  31  3:41  SCV  
  31  3:42  SCV  
  31  3:45  Marauder  
  34  3:53  SCV  
  34  3:54  SCV  
  36  3:58  Fusion Core  
  36  4:05  SCV  
  36  4:06  SCV  
  38  4:11  Marine  
  39  4:17  SCV, Liberator  
  39  4:18  SCV  
  44  4:34  Marine  
  44  4:37  Siege Tank  
  48  4:40  SCV  
  48  4:42  SCV  
  50  4:52  SCV  
  51  4:54  SCV, Engineering Bay  
  52  5:04  SCV  
  52  5:06  Supply Depot  
  53  5:10  Battlecruiser  
  59  5:16  SCV  
  60  5:26  Missile Turret  
  60  5:29  Siege Tank  
  60  5:30  SCV, Missile Turret  
  60  5:34  Supply Depot  
  64  5:39  Missile Turret x2  
  64  5:41  Supply Depot  
  65  5:42  SCV  
  65  5:47  Marauder  
  65  5:48  SCV  
  68  5:54  SCV  
  69  6:07  SCV  
  70  6:13  Starport  
  70  6:22  Starport Reactor  
  70  6:52  Starport Reactor  
  64  7:01  Marauder  
  63  7:02  Siege Tank  
  63  7:03  SCV  
  67  7:12  Starport  
  67  7:15  SCV, Command Center  
  67  7:17  Viking x2  
  67  7:20  SCV  
  67  7:22  Marauder  
  75  7:24  Supply Depot x2  
  75  7:27  Starport  
  75  7:29  Supply Depot  
  75  7:31  Viking  
  75  7:32  SCV, Supply Depot  
  75  7:33  Viking  
  80  7:39  Orbital Command  
  80  7:43  Marauder  
  82  7:52  Starport Reactor  
  82  7:54  Viking x2  
  86  8:01  Viking  
  86  8:02  Viking  
  86  8:03  Supply Depot  
  90  8:07  Supply Depot  
  90  8:09  SCV  
  91  8:21  SCV  
  92  8:27  Refinery  
  92  8:28  Refinery  
  92  8:30  SCV  
  92  8:33  SCV  
  90  8:42  SCV  
  91  8:54  SCV  
  92  9:01  Siege Tank  
  95  9:07  SCV  
  85  9:19  SCV  
  66  9:25  Viking x6  
  66  9:30  Battlecruiser  
  84  9:33  Siege Tank  
  87  9:40  Supply Depot  
  87  9:41  Supply Depot x2  
  87  9:43  Supply Depot x2  
  81  9:55  Viking x6  
  87  10:05  Siege Tank  
  66  10:25  Viking x4  
  46  10:45  Battlecruiser  
  45  11:05  Command Center  
  37  11:20  Viking x3  
  43  11:26  SCV  
  44  11:34  Marauder  
  44  11:35  Command Center  
  44  11:38  SCV x2  
  48  11:44  Bunker  
  48  11:50  SCV x2  
  50  11:55  Marauder  
  52  12:02  SCV  
  53  12:15  SCV  
  54  12:16  Barracks  
  54  12:17  Marauder  
  54  12:18  Barracks  
  56  12:27  SCV  
  48  12:31  Viking  
  48  12:32  Viking  
  51  12:39  SCV  
  51  12:51  SCV  
Tags
 
Matchup
TvT
Race
Terran
Replay Pack
Multiplayer
Spawn Locations
Cross Positions
Add a new tag
Caveats
  • Supply blocks, unpowered buildings, or Contaminate may cause inaccurate times.
  • Supply counts are checked every 10 seconds.